 Dungeon Sprint DCSS version 0.26-a0-845-gfacbca91cf (webtiles) character file.

Game seed: 16918446207021094076

55920 Conn the Sorcerer (level 14, -3/88 HPs)
             Began as an Octopode Fire Elementalist on Nov 19, 2020.
             Was the Champion of Sif Muna.
             Killed from afar by a deep elf knight (29 damage)
             ... with a shard of ice
             ... in the Dungeon (Sprint VII: "The Pits").
             The game lasted 01:28:29 (10080 turns).

Conn the Sorcerer (Octopode Fire Elementalist)     Turns: 10080, Time: 01:28:30

Health: -3/88      AC:  7    Str: 11    XL:     14   Next: 79%
Magic:  23/40      EV: 19    Int: 21    God:    Sif Muna [******]
Gold:   61         SH:  5    Dex: 16    Spells: 3/57 levels left

rFire    + . .     SeeInvis +   a - +3 demon whip "With Two Names" {freeze, rElec rC+ Str+2 Dex+4}
rCold    + . .     Faith    .   (no shield)
rNeg     . . .     Spirit   .   t - +0 hat
rPois    .         Reflect  +   z - amulet of reflection
rElec    +         Harm     .   k - +3 ring of protection
rCorr    .         Rampage  .   n - +3 ring of protection
MR       +....     NoTele   +   D - ring of see invisible
Stlth    +++++.....             B - ring of protection from fire
HPRegen  0.24/turn              (no ring)
MPRegen  0.27/turn              (no ring)
                                (no ring)
                                (no ring)

@: studying Staves
A: almost no armour, stealthy swim, amphibious, 8 rings, constrict 8, camouflage
1, gelatinous body 1
a: Channel Magic, Forget Spell, Divine Exegesis, Renounce Religion


You were in the Dungeon.
You worshipped Sif Muna.
Sif Muna was exalted by your worship.
You visited 1 branch You collected 61 gold pieces.

Inventory:

Hand Weapons
 a - the +3 demon whip "With Two Names" (weapon) {freeze, rElec rC+ Str+2 Dex+4}
   (You found it in the Dungeon)

   It has been specially enchanted to freeze those struck by it, causing extra
   injury to most foes and up to half again as much damage against particularly
   susceptible opponents.
   It can also slow down cold-blooded creatures.
   It affects your strength (+2).
   It affects your dexterity (+4).
   It protects you from cold.
   It insulates you from electricity.
 b - a +9 quick blade
 g - a +2 dagger
 l - a +1 dagger of electrocution
 m - a +2 vorpal trident
 s - a +2 rapier of venom
Missiles
 E - 18 silver javelins (quivered)
Armour
 c - a +0 buckler
 t - a +0 hat (worn)
 F - the +3 hat of the Evening Star {Regen+ Int-3 Stlth+}
   (You found it in the Dungeon)

   It affects your intelligence (-3).
   It increases your rate of regeneration.
   It makes you more stealthy.
Magical Staves
 G - an uncursed staff of fire
Jewellery
 k - a +3 ring of protection (left tentacle)
 n - a +3 ring of protection (right tentacle)
 z - an amulet of reflection (around mantle)
 B - a ring of protection from fire (on tentacle)
 D - a ring of see invisible (on tentacle)
Wands
 d - a wand of random effects (5)
 u - a wand of digging (5)
Scrolls
 i - 6 scrolls of remove curse
 j - 2 scrolls of amnesia
 x - a scroll of fear
 A - a scroll of magic mapping
 C - a scroll of identify
Potions
 e - 2 potions of magic
 f - 4 potions of berserk rage
 h - a potion of invisibility
 o - 2 potions of mutation
 p - 4 potions of brilliance
 r - 3 potions of might
 v - a potion of lignification {unknown}
 y - 10 potions of curing
Books
 w - a manual of Staves
Miscellaneous
 H - a lightning rod (4/4)


   Skills:
 + Level 5.4 Fighting
 + Level 6.4 Short Blades
 + Level 4.6 Maces & Flails
 + Level 1.4 Polearms
 + Level 8.0 Dodging
 - Level 8.6 Stealth
 + Level 3.4 Shields
 * Level 22.0 Spellcasting
 + Level 17.7 Conjurations
 + Level 2.2 Hexes
 + Level 7.4 Summonings
 + Level 3.5 Translocations
 + Level 15.2 Fire Magic
 + Level 7.3 Ice Magic
 + Level 6.4 Air Magic
 + Level 7.8 Earth Magic
 + Level 2.9 Poison Magic
 - Level 6.3 Invocations
 + Level 3.4 Evocations


You had 3 spell levels left.
You knew the following spells:

 Your Spells              Type           Power        Failure   Level
a - Foxfire               Conj/Fire      ####         0%          1
b - Orb of Destruction    Conj           #######...   1%          7
c - Blink                 Tloc           N/A          1%          2
d - Sticky Flame          Conj/Fire      #######.     1%          4
e - Fireball              Conj/Fire      #######...   1%          5
f - Irradiate             Conj/Tmut      ######....   1%          5
g - Bolt of Magma         Conj/Fire/Erth ######....   1%          5
h - Iskenderun's Mystic   Conj/Tloc      ######..     1%          4
i - Hailstorm             Conj/Ice       ######..     1%          4
j - Ozocubu's Armour      Ice            ######..     1%          3
k - Mephitic Cloud        Conj/Pois/Air  ######..     1%          3
l - Airstrike             Air            ######....   1%          4
m - Spellforged Servitor  Conj/Summ      ######....   9%          7

Your spell library contained the following spells:

 Spells                   Type           Power        Failure   Level
 Magic Dart               Conj           ####         0%          1
 Shock                    Conj/Air       ####         0%          1
 Searing Ray              Conj           ######       0%          2
 Conjure Flame            Conj/Fire      #######.     0%          3
 Apportation              Tloc           #####.       1%          1
 Beastly Appendage        Tmut           ###...       1%          1
 Corona                   Hex            ####...      1%          1
 Freeze                   Ice            ####         1%          1
 Pain                     Necr           ###.         1%          1
 Sandblast                Erth           ######       1%          1
 Sting                    Tmut/Pois      ####         1%          1
 Summon Small Mammal      Summ           ####         1%          1
 Call Imp                 Summ           ######..     1%          2
 Corpse Rot               Necr/Air       N/A          1%          2
 Ensorcelled Hibernation  Hex/Ice        #####.       1%          2
 Passwall                 Tmut/Erth      #####...     1%          2
 Swiftness                Air            ######..     1%          2
 Call Canine Familiar     Summ           ######..     1%          3
 Dazzling Flash           Conj/Hex       ######       1%          3
 Frozen Ramparts          Ice            ######       1%          3
 Gell's Gravitas          Tloc           #####.....   1%          3
 Ignite Poison            Fire/Tmut/Pois #####...     1%          3
 Inner Flame              Hex/Fire       ######..     1%          3
 Lesser Beckoning         Tloc           #####.....   1%          3
 Portal Projectile        Hex/Tloc       #####.       1%          3
 Static Discharge         Conj/Air       ######..     1%          3
 Stone Arrow              Conj/Erth      ######       1%          3
 Summon Guardian Golem    Hex/Summ       #####...     1%          3
 Teleport Other           Tloc           #####...     1%          3
 Sublimation of Blood     Necr           ###.......   2%          2
 Wereblood                Tmut           ###.....     2%          2
 Confusing Touch          Hex            ####....     2%          3
 Tukima's Dance           Hex            ####....     2%          3
 Spider Form              Tmut/Pois      ####......   3%          3
 Fulminant Prism          Conj/Hex       ######....   1%          4
 Summon Ice Beast         Ice/Summ       ######..     1%          4
 Summon Lightning Spire   Summ/Air       ######..     1%          4
 Iskenderun's Battlesphe  Conj           #######.     1%          5
 Lightning Bolt           Conj/Air       ######....   1%          5
 Conjure Ball Lightning   Conj/Air       ######....   1%          6
 Iron Shot                Conj/Erth      ######....   1%          6
 Starburst                Conj/Fire      #######...   1%          6
 Leda's Liquefaction      Hex/Erth       #####.....   2%          4
 Lee's Rapid Deconstruct  Erth           ######....   2%          5
 Petrify                  Tmut/Erth      #####...     3%          4
 Freezing Cloud           Conj/Ice/Air   ######....   3%          6
 Ice Form                 Ice/Tmut       #####...     4%          4
 Passage of Golubria      Tloc           N/A          4%          4
 Olgreb's Toxic Radiance  Pois           #####...     5%          4
 Summon Forest            Summ/Tloc      #####.....   5%          5
 Summon Mana Viper        Hex/Summ       #####...     7%          5
 Silence                  Hex/Air        #####.....   9%          5
 Borgnjor's Vile Clutch   Necr/Erth      #####.....   11%         5
 Ozocubu's Refrigeration  Ice            ######....   14%         6
 Shadow Creatures         Summ           N/A          14%         6
 Animate Dead             Necr           ###.......   19%         4
 Dispel Undead            Necr           ###.....     19%         4
 Ignition                 Fire           ######....   24%         8
 Alistair's Intoxication  Tmut/Pois      ####.....    28%         5
 Yara's Violent Unravell  Hex/Tmut       ####......   32%         5
 Blade Hands              Tmut           ###.......   45%         5
 Excruciating Wounds      Necr           ###.......   45%         5
 Simulacrum               Ice/Necr       #####.....   54%         6
 Lehudib's Crystal Spear  Conj/Erth      ######....   54%         8
 Dispersal                Tloc           #####.....   56%         6
 Monstrous Menagerie      Summ           ######....   58%         7
 Summon Greater Demon     Summ           ######....   58%         7
 Chain Lightning          Conj/Air       ######....   65%         8
 Invisibility             Hex            ####....     75%         6
 Eringya's Noxious Bog    Tmut/Pois      ####......   85%         6
 Fire Storm               Conj/Fire      #######...   91%         9
 Death Channel            Necr           ###.......   96%         6
 Haunt                    Necr/Summ      #####.....   98%         7
 Summon Horrible Things   Summ           ######....   99%         8
 Dragon Form              Tmut           ###.......   100%        7
 Disjunction              Tloc           #####.....   100%        8
 Absolute Zero            Ice            ######....   100%        9
 Tornado                  Air            ######....   100%        9


Dungeon Overview and Level Annotations

Branches:
Dungeon (1/1)

Altars:
Ashenzari
Cheibriados
Dithmenos
Elyvilon
Fedhas
Gozag
Hepliaklqana
Kikubaaqudgha
Makhleb
Nemelex Xobeh
Okawaru
Qazlal
Ru
Sif Muna
Trog
Uskayaw
Vehumet
Wu Jian
Xom
Yredelemnul
Zin
The Shining One
Beogh
Jiyva
Lugonu


Innate Abilities, Weirdness & Mutations

You cannot wear most types of armour.
You are very stealthy in the water. (Stealth+)
You are amphibious.
You can wear up to eight rings at the same time.
You can use your tentacles to constrict eight enemies at once.
Your skin changes colour to match your surroundings (Stealth+).
Your rubbery body absorbs attacks. (AC +1, EV +1)


Message History

You fail to use your ability.
The deep elf knight gestures at you while chanting.
The shard of ice hits you!! You partially resist.
Evoke which item? (* to show all) (? for menu, Esc to quit)
Okay, then.
Unknown command.
Unknown command.
Press: ? - help, v - describe, . - travel, g - get item
Here: a deep elf knight, wielding a +0 short sword (almost dead)
Items here: a +0 giant club; a +2 dire flail of protection.
The floor, spattered with blood.
Unknown command.
Unknown command.
A leopard gecko zombie comes into view.
The deep elf knight hits you with a +0 short sword!
* * * LOW HITPOINT WARNING * * *
Magic courses through your body.
The deep elf knight casts a spell at you.
The shard of ice hits you!! You partially resist.
You die...

....# ...# #..######++#####
#Z.##..........# #.)##..........#
#..)').#....#..# #..''D.........#
#####e.........#
################@.#....#..#
..............''..........#
..............'').........#
############..##..#..).#..#
.#.#)#.#.#.#..##.)..).....+
#.#.#.#.#†##..##.......)..+
)#.#)#)#.#)#..####''####')#
#.#.#.#.#.##..####''####)'#######
.#.#.#.#.#)#..##......##:.)..)..)


You could see a shadow dragon, a deep elf knight and a leopard gecko zombie.

Vanquished Creatures
  A shadow dragon (D)
  Gastronok (D)
  A fire giant (D)
  A deep elf sorcerer (D)
  2 orc warlords (D)
  A deep elf demonologist (D)
  A green draconian (D)
  A lorocyproca (D)
  A minotaur (D)
  An eidolon (D)
  3 yaktaur captains (D)
  A naga warrior (D)
  2 vault guards (D)
  A rakshasa (D)
  An alligator snapping turtle (D)
  2 boulder beetles (D)
  An anaconda (D)
  2 merfolk avatars (D)
  Erica (D)
  A death yak (D)
  2 ogre magi (D)
  A spriggan berserker (D)
  8 two-headed ogres (D)
  An orc high priest (D)
  2 deep elf knights (D)
  2 spriggans (D)
  A sun demon (D)
  A shadow wraith (D)
  An iron troll (D)
  A deep troll (D)
  A spriggan druid (D)
  A large abomination (D)
  A lindwurm (D)
  A phantasmal warrior (D)
  A necromancer (D)
  3 deep elf magi (D)
  13 orc knights (D)
  An orc sorcerer (D)
  A salamander (shapeshifter) (D)
  A manticore (D)
  A black mamba (D)
  An eye of devastation (D)
  An orange demon (D)
  A cane toad (D)
  A rime drake (D)
  5 yaktaurs (D)
  A guardian mummy (D)
  An efreet (D)
  A demonic crawler (D)
  A hellwing (D)
  2 ice devils (D)
  2 trolls (D)
  2 hornets (D)
  2 wandering mushrooms (D)
  A tyrant leech (D)
  A snapping turtle (D)
  A jumping spider (D)
  Grinder (D)
  A blink frog (D)
  A flying skull (D)
  3 tarantellas (D)
  3 ynoxinuls (D)
  A shadow (D)
  5 redbacks (D)
  A wraith (D)
  A neqoxec (D)
  A steam dragon (D)
  A water moccasin (D)
  Duvessa (D)
  A floating eye (D)
  6 orc warriors (D)
  A small abomination (D)
  An ogre (D)
  A phantom (D)
  A centaur (D)
  A bullfrog (D)
  An earth elemental (D)
  A gnoll sergeant (D)
  Dowan (D)
  11 killer bees (D)
  A quasit (D)
  An orc priest (D)
  A gnoll shaman (D)
  3 orc wizards (D)
  2 iguanas (D)
  2 mummies (D)
  9 gnolls (D)
  2 oozes (D)
  An adder skeleton (D)
  An adder zombie (D)
  An adder simulacrum (D)
  15 orcs (D)
  A bat skeleton (D)
  A giant cockroach (D)
  A hobgoblin (D)
  6 jackals (D)
  2 kobolds (D)
  A quokka (D)
  A bat (D)
193 creatures vanquished.

Vanquished Creatures (collateral kills)
  5 two-headed ogres (D)
  A fire bat (D)
  A bullfrog (D)
  A ball python skeleton (D)
8 creatures vanquished.

Vanquished Creatures (others)
  237 foxfires (D)
237 creatures vanquished.

Grand Total: 438 creatures vanquished

Notes
Turn   | Place    | Note
-------+----------+-------------------------------------------
     0 | D        | Conn the Octopode Fire Elementalist began the quest for the
                  | Orb.
     0 | D        | Reached XP level 1. HP: 11/11 MP: 3/3
    47 | D        | Found a bloodstained altar of Trog.
    47 | D        | Found a shimmering blue altar of Sif Muna.
    47 | D        | Found a viscous altar of Jiyva.
    47 | D        | Found a hazy altar of Hepliaklqana.
    47 | D        | Found an opulent altar of Gozag.
    48 | D        | Found a glowing golden altar of the Shining One.
    48 | D        | Found a glowing silver altar of Zin.
    48 | D        | Found a basalt altar of Yredelemnul.
    48 | D        | Found a shimmering altar of Xom.
    48 | D        | Found an ornate altar of the Wu Jian Council.
    48 | D        | Found a sacrificial altar of Ru.
    48 | D        | Found a stormy altar of Qazlal.
    48 | D        | Found an iron altar of Okawaru.
    48 | D        | Found a sparkling altar of Nemelex Xobeh.
    48 | D        | Found a burning altar of Makhleb.
    48 | D        | Found a blossoming altar of Fedhas.
    48 | D        | Found a white marble altar of Elyvilon.
    48 | D        | Found a shadowy altar of Dithmenos.
    48 | D        | Found a snail-covered altar of Cheibriados.
    49 | D        | Found a radiant altar of Vehumet.
    49 | D        | Found a corrupted altar of Lugonu.
    49 | D        | Found a roughly hewn altar of Beogh.
    50 | D        | Found an ancient bone altar of Kikubaaqudgha.
    50 | D        | Found a hide-covered altar of Uskayaw.
    50 | D        | Found a broken altar of Ashenzari.
    51 | D        | Became a worshipper of Sif Muna the Loreminder
    72 | D        | Reached XP level 2. HP: 17/17 MP: 3/5
    75 | D        | Noticed a floating eye
    86 | D        | Paralysed by a floating eye for 3 turns
    89 | D        | Killed a floating eye
    89 | D        | Reached * piety under Sif Muna
    90 | D        | Reached skill level 1 in Short Blades
    90 | D        | Reached skill level 5 in Stealth
    90 | D        | Reached skill level 3 in Spellcasting
    90 | D        | Reached XP level 3. HP: 12/21 MP: 6/8
    90 | D        | Reached XP level 4. HP: 16/27 MP: 6/9
   222 | D        | Reached ** piety under Sif Muna
   223 | D        | Reached XP level 5. HP: 21/31 MP: 10/10
   344 | D        | Reached *** piety under Sif Muna
   395 | D        | Learned a level 3 spell: Conjure Flame
   399 | D        | Learned a level 3 spell: Inner Flame
   404 | D        | Learned a level 4 spell: Sticky Flame
   407 | D        | Noticed a centaur
   407 | D        | Noticed an orc warrior
   457 | D        | Reached skill level 4 in Spellcasting
   469 | D        | Killed a centaur
   470 | D        | Reached skill level 5 in Dodging
   470 | D        | Reached skill level 5 in Spellcasting
   470 | D        | Reached XP level 6. HP: 12/37 MP: 4/13
   508 | D        | Reached **** piety under Sif Muna
   529 | D        | Reached skill level 1 in Fighting
   530 | D        | Reached ***** piety under Sif Muna
   533 | D        | Identified Sif Muna's Guide on Enthralling Summoning (Sif
                  | Muna gifted it to you in the Dungeon)
   533 | D        | Received a gift from Sif Muna
   567 | D        | Killed an orc warrior
   568 | D        | Reached skill level 6 in Spellcasting
   568 | D        | Reached skill level 1 in Hexes
   568 | D        | Reached skill level 1 in Invocations
   784 | D        | Noticed a blink frog
   787 | D        | Killed a blink frog
   788 | D        | Reached skill level 1 in Polearms
   788 | D        | Reached skill level 7 in Spellcasting
   788 | D        | Reached skill level 5 in Conjurations
   788 | D        | Reached XP level 7. HP: 43/43 MP: 15/17
   794 | D        | Learned a level 5 spell: Fireball
   799 | D        | Learned a level 4 spell: Summon Ice Beast
   800 | D        | Noticed Duvessa
   800 | D        | Noticed Dowan
   800 | D        | Noticed a flying skull
   805 | D        | Killed Dowan
   818 | D        | Killed Duvessa
   818 | D        | Identified Unogavie's Volume of the Snowflakes and the
                  | Volcanoes (Sif Muna gifted it to you in the Dungeon)
   818 | D        | Received a gift from Sif Muna
   819 | D        | Reached skill level 1 in Summonings
   827 | D        | Killed a flying skull
   828 | D        | Reached XP level 8. HP: 11/50 MP: 2/19
  1105 | D        | Noticed a rime drake
  1105 | D        | Noticed an orange demon
  1134 | D        | Killed an orange demon
  1134 | D        | Killed a rime drake
  1135 | D        | Reached skill level 8 in Spellcasting
  1135 | D        | Reached skill level 10 in Fire Magic
  1135 | D        | Reached skill level 1 in Evocations
  1156 | D        | Reached skill level 9 in Spellcasting
  1350 | D        | Noticed Gastronok
  1350 | D        | Noticed a ynoxinul
  1362 | D        | Killed a ynoxinul
  1459 | D        | Learned a level 5 spell: Bolt of Magma
  1465 | D        | Noticed a two-headed ogre
  1465 | D        | Noticed a lindwurm
  1473 | D        | Noticed a deep troll
  1475 | D        | Noticed a ynoxinul
  1479 | D        | Killed a two-headed ogre
  1480 | D        | Reached skill level 5 in Invocations
  1480 | D        | Reached XP level 9. HP: 55/55 MP: 22/22
  1487 | D        | Killed a lindwurm
  1487 | D        | Identified Sif Muna's Papyrus of Arcane Weapons (Sif Muna
                  | gifted it to you in the Dungeon)
  1487 | D        | Received a gift from Sif Muna
  1488 | D        | Reached skill level 10 in Spellcasting
  1492 | D        | Killed a deep troll
  1493 | D        | Reached XP level 10. HP: 51/62 MP: 4/24
  1680 | D        | Killed Gastronok
  1681 | D        | Reached skill level 11 in Spellcasting
  1681 | D        | Reached skill level 10 in Conjurations
  1681 | D        | Reached skill level 5 in Ice Magic
  1681 | D        | Reached skill level 5 in Earth Magic
  1785 | D        | Noticed a death yak
  1807 | D        | Killed a death yak
  1808 | D        | Reached skill level 12 in Spellcasting
  1812 | D        | Identified Sif Muna's Theurgy, Part Four (Sif Muna gifted
                  | it to you in the Dungeon)
  1812 | D        | Received a gift from Sif Muna
  1819 | D        | Learned a level 4 spell: Iskenderun's Mystic Blast
  2114 | D        | Noticed Erica
  2115 | D        | Noticed a deep elf mage
  2118 | D        | Killed Erica
  2118 | D        | Killed a deep elf mage
  2119 | D        | Reached XP level 11. HP: 54/67 MP: 11/27
  2260 | D        | Noticed an orc knight
  2261 | D        | Noticed a manticore
  2311 | D        | Killed an orc knight
  2312 | D        | Reached skill level 13 in Spellcasting
  2315 | D        | Killed a manticore
  2470 | D        | Received a gift from Sif Muna
  2586 | D        | Learned a level 4 spell: Hailstorm
  2590 | D        | Learned a level 3 spell: Ozocubu's Armour
  2649 | D        | Noticed an orc knight
  2663 | D        | Reached ****** piety under Sif Muna
  2706 | D        | Received a gift from Sif Muna
  2720 | D        | Killed an orc knight
  2917 | D        | Noticed an orc knight
  2925 | D        | Reached skill level 14 in Spellcasting
  2926 | D        | Killed an orc knight
  3113 | D        | Identified Sif Muna's Catalogue of Damaging Evil Magic (Sif
                  | Muna gifted it to you in the Dungeon)
  3113 | D        | Received a gift from Sif Muna
  3123 | D        | Noticed Grinder
  3130 | D        | Killed Grinder
  3145 | D        | Noticed a rakshasa
  3250 | D        | Killed a rakshasa
  3293 | D        | Noticed a deep elf mage
  3296 | D        | Killed a deep elf mage
  3467 | D        | Identified Sif Muna's Compendium of Shape Shifting and the
                  | Birds (Sif Muna gifted it to you in the Dungeon)
  3467 | D        | Received a gift from Sif Muna
  3699 | D        | Learned a level 3 spell: Mephitic Cloud
  3729 | D        | Reached skill level 1 in Translocations
  3861 | D        | Noticed an orc sorcerer
  3861 | D        | Noticed an orc high priest
  3870 | D        | Identified Sif Muna's Grimoire of Combat Magic and Ignition
                  | (Sif Muna gifted it to you in the Dungeon)
  3870 | D        | Received a gift from Sif Muna
  3871 | D        | Noticed a sun demon
  3872 | D        | Killed an orc sorcerer
  3872 | D        | Noticed a sun demon
  3873 | D        | Reached XP level 12. HP: 68/72 MP: 19/30
  3875 | D        | Killed an orc high priest
  3876 | D        | Reached skill level 15 in Spellcasting
  4356 | D        | Identified Sif Muna's Incunabulum of the Ghastly Traveller
                  | (Sif Muna gifted it to you in the Dungeon)
  4356 | D        | Received a gift from Sif Muna
  4627 | D        | Noticed a boulder beetle
  4643 | D        | Killed a boulder beetle
  4643 | D        | Received a gift from Sif Muna
  4827 | D        | Learned a level 7 spell: Orb of Destruction
  4916 | D        | Noticed a minotaur
  4924 | D        | Reached skill level 5 in Short Blades
  4934 | D        | Killed a minotaur
  4935 | D        | Reached skill level 16 in Spellcasting
  5093 | D        | Noticed an orc warlord
  5094 | D        | Noticed an orc warlord
  5122 | D        | Identified Sif Muna's Volume of Frigorific Calling (Sif
                  | Muna gifted it to you in the Dungeon)
  5122 | D        | Received a gift from Sif Muna
  5248 | D        | Reached skill level 1 in Shields
  5378 | D        | Noticed a boulder beetle
  5384 | D        | Killed a boulder beetle
  5483 | D        | Noticed a deep elf knight
  5486 | D        | Killed a deep elf knight
  5530 | D        | Killed an orc warlord
  5696 | D        | Reached skill level 17 in Spellcasting
  5696 | D        | Reached skill level 15 in Conjurations
  5711 | D        | Identified Sif Muna's Almanac of Destructive Flight (Sif
                  | Muna gifted it to you in the Dungeon)
  5711 | D        | Received a gift from Sif Muna
  5991 | D        | Reached XP level 13. HP: 54/81 MP: 23/34
  6120 | D        | Learned a level 5 spell: Irradiate
  6144 | D        | Killed an orc warlord
  6145 | D        | Reached skill level 1 in Air Magic
  6276 | D        | Noticed a yaktaur captain
  6280 | D        | Noticed a yaktaur captain
  6280 | D        | Noticed a vault guard
  6453 | D        | Identified Sif Muna's Disquisition on Supportive
                  | Transmutation (Sif Muna gifted it to you in the Dungeon)
  6453 | D        | Received a gift from Sif Muna
  6477 | D        | Killed a yaktaur captain
  6619 | D        | Reached skill level 5 in Summonings
  6640 | D        | Killed a vault guard
  6753 | D        | Reached skill level 18 in Spellcasting
  6753 | D        | Reached skill level 1 in Poison Magic
  6810 | D        | Noticed a fire giant
  6814 | D        | Killed a fire giant
  6878 | D        | Learned a level 4 spell: Airstrike
  7273 | D        | Noticed a yaktaur captain
  7290 | D        | HP: 2/81 [yaktaur captain/bolt (25)]
  7290 | D        | Killed a yaktaur captain
  7290 | D        | Received a gift from Sif Muna
  7293 | D        | Noticed a vault guard
  7300 | D        | Killed a vault guard
  7308 | D        | Learned a level 2 spell: Blink
  7473 | D        | Killed a yaktaur captain
  7473 | D        | Identified Asmodeus's Reference Book on Creative
                  | Confrontation (Sif Muna gifted it to you in the Dungeon)
  7473 | D        | Received a gift from Sif Muna
  7474 | D        | Reached skill level 19 in Spellcasting
  7644 | D        | Got the +3 demon whip "With Two Names" {freeze, rElec rC+
                  | Str+2 Dex+4}
  7679 | D        | Noticed a green draconian
  7687 | D        | Killed a green draconian
  8164 | D        | Noticed a deep elf demonologist
  8182 | D        | Received a gift from Sif Muna
  8186 | D        | Killed a deep elf demonologist
  8187 | D        | Reached skill level 1 in Maces & Flails
  8294 | D        | Noticed a shadow dragon
  8306 | D        | Killed a shadow dragon
  8307 | D        | Reached skill level 5 in Air Magic
  8307 | D        | Reached XP level 14. HP: 86/86 MP: 4/37
  8556 | D        | Received a gift from Sif Muna
  8557 | D        | Reached skill level 20 in Spellcasting
  8618 | D        | Identified the cursed +2 scimitar of the Freezing Seeker
                  | {vorpal, rF+ rC- Str+6}
  8958 | D        | Received a gift from Sif Muna
  9036 | D        | Noticed a lorocyproca
  9040 | D        | Killed a lorocyproca
  9041 | D        | Reached skill level 5 in Fighting
  9408 | D        | Got the +3 hat of the Evening Star {Regen+ Int-3 Stlth+}
  9518 | D        | Learned a level 7 spell: Spellforged Servitor
  9532 | D        | Identified Bubotuc's Almanac of Unholy Attacks (Sif Muna
                  | gifted it to you in the Dungeon)
  9532 | D        | Received a gift from Sif Muna
  9535 | D        | Noticed a deep elf sorcerer
  9538 | D        | Killed a deep elf sorcerer
  9539 | D        | Reached skill level 21 in Spellcasting
  9700 | D        | Got the Tome of Dusty Feathers
  9736 | D        | Received a gift from Sif Muna
  9739 | D        | Reached skill level 15 in Fire Magic
  9765 | D        | Received a gift from Sif Muna
  9799 | D        | Received a gift from Sif Muna
 10073 | D        | Reached skill level 22 in Spellcasting
 10074 | D        | Noticed a shadow dragon
 10080 | D        | Killed from afar by a deep elf knight

Illustrated notes

Levels and vault maps discovered:
D:        pitsprint [storerooms_1, entrance_room_1, metal_vault_4, armoury_2,
          mini_pit_1, grid_room_1, main_hall_1, silver_pit, the_coven_1,
          the_vestibule_1, steel_vault_5, golden_pit, hallway_of_sentries,
          crystal_vault_2, iron_vault_3, final_vault]

Skill      XL: |  1  2  3  4  5  6  7  8  9 10 11 12 13 14 |
---------------+-------------------------------------------+-----
Stealth        | 3 5 6 7 8 |  8.6
Fire Magic     | 4 7 8 9 10 11 12 13 14 15 | 15.2
Short Blades   | 1 2 3 4 5 6 |  6.4
Dodging        | 4 5 6 7 8 |  8.0
Spellcasting   | 3 5 7 9 10 12 14 17 19 22 | 22.0
Conjurations   | 3 5 6 8 9 11 13 15 16 17 | 17.7
Fighting       | 1 2 3 4 5 |  5.4
Hexes          | 1 2 |  2.2
Invocations    | 1 3 5 6 |  6.3
Polearms       | 1 |  1.4
Summonings     | 2 3 7 |  7.4
Evocations     | 1 3 |  3.4
Ice Magic      | 2 4 5 6 7 |  7.3
Earth Magic    | 2 4 5 6 7 |  7.8
Translocations | 1 2 3 |  3.5
Shields        | 1 2 3 |  3.4
Air Magic      | 5 6 |  6.4
Poison Magic   | 1 2 |  2.9
Maces & Flails | 1 4 |  4.6

Action                   |  1- 3 |  4- 6 |  7- 9 | 10-12 | 13-15 || total
-------------------------+-------+-------+-------+-------+-------++-------
Melee: Dagger            |     8 |    34 |    15 |       |       ||    57
       Constrict         |     2 |     6 |     3 |    16 |     5 ||    32
       Tentacles         |     2 |     6 |     4 |    12 |     8 ||    32
       Trident           |       |     7 |       |       |       ||     7
       Rapier            |       |       |       |    78 |     5 ||    83
       Demon whip        |       |       |       |       |    17 ||    17
 Cast: Foxfire           |     1 |    21 |     8 |    92 |    12 ||   134
       Inner Flame       |       |     2 |     3 |       |       ||     5
       Conjure Flame     |       |     2 |     1 |     6 |       ||     9
       Sticky Flame      |       |     1 |     5 |    12 |     6 ||    24
       Fireball          |       |       |    14 |    46 |    39 ||    99
       Summon Ice Beast  |       |       |       |     9 |       ||     9
       Bolt of Magma     |       |       |       |    27 |     6 ||    33
       Iskenderun's Myst |       |       |       |    10 |     6 ||    16
       Orb of Destructio |       |       |       |    11 |    50 ||    61
       Mephitic Cloud    |       |       |       |     5 |     7 ||    12
       Hailstorm         |       |       |       |     2 |       ||     2
       Ozocubu's Armour  |       |       |       |       |     3 ||     3
       Airstrike         |       |       |       |       |     5 ||     5
       Spellforged Servi |       |       |       |       |     2 ||     2
       Blink             |       |       |       |       |     1 ||     1
Invok: Channel Magic     |       |     1 |     2 |     5 |     5 ||    13
Evoke: Wand              |       |       |     2 |     9 |       ||    11
  Use: Potion            |     1 |     2 |     1 |       |    15 ||    19
       Scroll            |       |     1 |       |     2 |     8 ||    11
 Stab: Sleeping          |       |     3 |       |     1 |       ||     4
       Distracted        |       |       |       |     2 |       ||     2
       Confused          |       |       |       |       |     3 ||     3
Armor: Skin              |     1 |     2 |       |    14 |     3 ||    20
Dodge: Dodged            |     7 |    33 |    17 |    93 |    24 ||   174
Block: Other             |       |       |       |     4 |    12 ||    16
       Reflection        |       |       |       |       |     2 ||     2

Table legend: (Time is in decaauts) A = Elapsed time spent in this place. B = Non-inter-level travel time spent in this place. C = Inter-level travel time spent in this place. D = Time resting spent in this place. E = Time spent auto-exploring this place. F = Levels seen in this place. G = Mean time per level. A B C D E F G +--------+--------+--------+--------+--------+-----+--------+ Total | 10032 | 10032 | 0 | 6239 | 48 | 1 | 10032.0 | Dungeon | 10032 | 10032 | 0 | 6239 | 48 | 1 | 10032.0 | +--------+--------+--------+--------+--------+-----+--------+

Top non-repeatable levels by time:
       D: 10032 daAuts
